 Dungeon Crawl Stone Soup version 0.30-a0-691-g754fce4c43 (webtiles) character file.

Game seed: 9547135930415225753

3467 funkygono the Thaumaturge (level 9, -11/61 HPs)
             Began as a Demonspawn Fire Elementalist on Jan 19, 2023.
             Mangled by a tengu warrior
             ... wielding a +0 battleaxe
              (16 damage)
             ... on level 8 of the Dungeon.
             The game lasted 00:12:33 (9174 turns).

funkygono the Thaumaturge (DsFE)                    Turns: 9174, Time: 00:12:34

Health: -11/61     AC:  9    Str:  9    XL:     9   Next: 78%
Magic:  12/21      EV: 12    Int: 23    God:
Gold:   409        SH:  0    Dex: 14    Spells: 9/24 levels left

rFire   + . .      SeeInvis .    j - +5 whip (elec)
rCold   . . .      Faith    .    (no shield)
rNeg    . . .      Spirit   .    k - +0 leather armour {rF+}
rPois   .          Reflect  .    r - +2 helmet {Int+3}
rElec   .          Harm     .    z - +0 cloak
rCorr   +          Rampage  .    (no gloves)
Will    .....                    (no boots)
Stlth   ++                       (no amulet)
HPRegen 0.30/turn                d - ring of resist corrosion
MPRegen 0.17/turn                (no ring)

@: no status effects
A: claws 1, icy blue scales 1, demonic guardian 2, ignite blood 1
a: no special abilities


You were on level 8 of the Dungeon.
You visited 2 branches of the dungeon, and saw 9 of its levels.

You collected 409 gold pieces.

Inventory:

Hand Weapons
 b - a +2 whip of venom
 c - a +0 whip
 j - a +5 whip of electrocution (weapon)
 m - a +0 dagger
 q - a +0 great sword
 t - a +3 whip of chaos
 u - a +3 rapier of chaos
Missiles
 s - a throwing net
Armour
 a - a +0 robe
 g - a +0 leather armour
 k - a +0 leather armour of fire resistance (worn)
 r - a +2 helmet of intelligence (worn)
 z - a +0 cloak (worn)
 A - a +1 helmet of intelligence
Jewellery
 d - a ring of resist corrosion (left claw)
Wands
 e - a wand of roots (17)
 i - a wand of charming (5)
Scrolls
 h - 3 scrolls of amnesia
 v - a scroll of fear
Potions
 f - a potion of brilliance
 l - 4 potions of flight
 n - 4 potions of curing
 o - 3 potions of attraction
 p - a potion of berserk rage {unknown}
 w - a potion of magic
 x - a potion of heal wounds


   Skills:
 + Level 2.1 Fighting
 + Level 0.2 Short Blades
 + Level 1.6 Maces & Flails
 + Level 2.9 Armour
 + Level 2.8 Dodging
 - Level 1.7 Stealth
 + Level 8.4 Spellcasting
 + Level 5.2 Conjurations
 + Level 7.5 Fire Magic


You had 9 spell levels left.
You knew the following spells:

 Your Spells              Type           Power      Damage    Failure   Level
a - Foxfire               Conj/Fire      100%       2x1d9     1%          1
b - Scorch                Fire           88%        2d9       1%          2
c - Kindle Blastsparks    Fire/Tloc/Air  42%        2d13      10%         3
d - Flame Wave            Conj/Fire      39%        2d11      6%          4
e - Lightning Bolt        Conj/Air       10%        1d23      65%         5

Your spell library contained the following spells:

 Spells                   Type           Power      Damage    Failure   Level
 Static Discharge         Conj/Air       42%        2-4/arc   4%          2
 Inner Flame              Hex/Fire       27%        N/A       6%          3
 Slow                     Hex            36%        N/A       9%          1
 Confusing Touch          Hex            9%         N/A       26%         3
 Vampiric Draining        Necr           9%         2d6       26%         3
 Vhi's Electric Charge    Tloc/Air       18%        N/A       26%         3
 Fulminant Prism          Conj/Hex       10%        3d9       30%         4
 Iskenderun's Mystic Bla  Conj/Tloc      21%        2d6       30%         4
 Petrify                  Tmut/Erth      9%         N/A       65%         4
 Arcjolt                  Conj/Air       10%        1d20      65%         5
 Lee's Rapid Deconstruct  Erth           4%         3d5*      94%         5
 Metabolic Englaciation   Hex/Ice        4%         N/A       94%         5
 Statue Form              Tmut/Erth      6%         N/A       100%        6


Dungeon Overview and Level Annotations

Branches:
Dungeon (8/15)             Temple (1/1) D:6
   Lair: D:8-11

Altars:
Cheibriados
Dithmenos
Fedhas
Gozag
Hepliaklqana
Kikubaaqudgha
Makhleb
Nemelex Xobeh
Qazlal
Ru
Sif Muna
Wu Jian
Xom


Innate Abilities, Weirdness & Mutations

You have sharp fingernails.
You are partially covered in icy blue scales. (AC +2)
A demonic guardian rushes to your aid.
Your demonic aura sometimes causes spilled blood to erupt in flames.


Message History

The tengu warrior is heavily wounded.
The foxfire hits the troll.
The troll is lightly wounded.
The foxfire hits the tengu warrior!
The tengu warrior is burned terribly!
The tengu warrior is severely wounded.
A wraith comes into view.
The tengu warrior barely misses you.
The tengu warrior pecks you but does no damage.
The tengu warrior claws you.
A demonic guardian appears!
Unknown command.
You barely miss the tengu warrior.
The tengu warrior is severely wounded.
The tengu warrior hits you with a +0 battleaxe!
The tengu warrior pecks you but does no damage.
The tengu warrior claws you but does no damage.
The troll closely misses you. The troll barely misses you. The troll claws you.
Your orange demon closely misses the tengu warrior.
Casting: Scorch (safe; 1% risk of failure)
Confirm with . or Enter, or press ? or * to list all spells.
You conjure some foxfire!
The tengu warrior hits you with a +0 battleaxe.
* * * LOW HITPOINT WARNING * * *
The tengu warrior hits your foxfire with a +0 battleaxe!
The tengu warrior pecks you but does no damage.
The tengu warrior claws you but does no damage.
The troll bites you.
* * * LOW HITPOINT WARNING * * *
The troll claws you.
* * * LOW HITPOINT WARNING * * *
The troll claws you but does no damage.
Your orange demon misses the tengu warrior.
Casting: Foxfire (safe; 1% risk of failure)
Confirm with . or Enter, or press ? or * to list all spells.
Flames lash the troll.
The troll is moderately wounded.
The troll's fire resistance burns away.
The foxfire hits the tengu warrior.
The tengu warrior is burned terribly!
The tengu warrior is almost dead.
The tengu warrior hits you with a +0 battleaxe!
You die...

#.....# ###
#.....#
#...#.....#######
+...#####.......#
#...............#
#..........#....#
...........#....#
.......4v........
###...@######..#
#...QT...)#..#
#$........#
#.W......?#
#.........#
#.........#
............
.............


You could see a tengu warrior (combustible, ally target), a troll (combustible),
a wraith and a friendly orange demon (summoned).

Vanquished Creatures
  Pikel (D:5)
  Edmund (D:4)
  Menkaure (D:6)
  A water moccasin (D:6)
  Duvessa (D:6)
  5 ogres
  A black bear (D:7)
  A centaur (D:7)
  2 lemures (D:5)
  3 kobold brigands
  Blork the orc (D:4)
  2 necrophages
  2 bullfrogs (D:7)
  Dowan (D:6)
  7 hounds
  3 orc priests
  A jelly (D:4)
  2 gnoll boudas
  Ijyb (D:4)
  3 iguanas
  10 gnolls
  8 adders
  A shadow imp (D:7)
  3 white imps
  An ufetubus (D:5)
  A worm (D:4)
  2 dart slugs
  9 orcs
  4 endoplasms
  3 giant cockroaches
  8 goblins
  11 hobgoblins
  7 jackals
  15 kobolds
  8 quokkas
  12 ball pythons
  5 bats
  4 frilled lizards
  4 rats
156 creatures vanquished.

Vanquished Creatures (collateral kills)
  A two-headed ogre (D:8)
1 creature vanquished.

Vanquished Creatures (others)
  A hobgoblin (D:3)
  431 foxfires
  A fungus (D:3)
433 creatures vanquished.

Grand Total: 590 creatures vanquished

Notes
Turn   | Place    | Note
-------+----------+-------------------------------------------
     0 | D:1      | funkygono the Demonspawn Fire Elementalist began the quest
                  | for the Orb.
     0 | D:1      | Reached XP level 1. HP: 13/13 MP: 3/3
   348 | D:1      | Gained mutation: You have sharp fingernails. [demonic
                  | ancestry]
   348 | D:1      | Reached XP level 2. HP: 19/19 MP: 0/5
   351 | D:1      | Learned a level 2 spell: Scorch
   972 | D:2      | Reached XP level 3. HP: 22/24 MP: 0/6
   976 | D:2      | Learned a level 3 spell: Kindle Blastsparks
  1302 | D:2      | Found a snail-covered altar of Cheibriados.
  2276 | D:3      | Gained mutation: Your demonic aura sometimes causes spilled
                  | blood to erupt in flames. [demonic ancestry]
  2276 | D:3      | Reached XP level 4. HP: 31/31 MP: 2/8
  2278 | D:3      | Reached skill level 1 in Fighting
  2439 | D:3      | Reached skill level 3 in Spellcasting
  3306 | D:4      | Noticed an ogre
  3378 | D:4      | Gained mutation: You are partially covered in icy blue
                  | scales. (AC +2) [demonic ancestry]
  3378 | D:4      | Reached XP level 5. HP: 37/37 MP: 2/10
  3383 | D:4      | Learned a level 4 spell: Flame Wave
  3540 | D:4      | Noticed Blork the orc
  3553 | D:4      | Killed Blork the orc
  3811 | D:4      | Reached skill level 4 in Spellcasting
  3811 | D:4      | Reached XP level 6. HP: 11/43 MP: 2/12
  4129 | D:4      | Reached XP level 7. HP: 48/48 MP: 8/14
  4211 | D:4      | Noticed Ijyb
  4221 | D:4      | Killed Ijyb
  4342 | D:4      | Noticed Edmund
  4381 | D:4      | Killed Edmund
  4382 | D:4      | Reached skill level 5 in Spellcasting
  4382 | D:4      | Reached skill level 5 in Fire Magic
  4802 | D:5      | Entered Level 5 of the Dungeon
  5041 | D:5      | You fall into a shaft and drop 2 floors!
  5093 | D:7      | Reached skill level 1 in Armour
  5179 | D:6      | Gained mutation: A weak demonic guardian rushes to your
                  | aid. [demonic ancestry]
  5179 | D:6      | Reached XP level 8. HP: 54/54 MP: 1/16
  5342 | D:6      | Noticed Duvessa
  5413 | D:5      | Found a large runed translucent door.
  5414 | D:5      | Found a large runed translucent door.
  5439 | D:5      | Found a shimmering altar of Xom.
  5663 | D:5      | Reached skill level 6 in Spellcasting
  5850 | D:5      | Noticed Pikel
  5893 | D:5      | HP: 2/54 [Pikel/+1 whip of electrocution (3)]
  5895 | D:5      | Killed Pikel
  6382 | D:5      | Reached skill level 7 in Spellcasting
  6617 | D:6      | Gained mutation: A demonic guardian rushes to your aid.
                  | [demonic ancestry]
  6617 | D:6      | Reached XP level 9. HP: 61/61 MP: 9/19
  6623 | D:6      | Noticed Dowan
  6632 | D:6      | Killed Duvessa
  6637 | D:6      | Killed Dowan
  7316 | D:6      | Found a staircase to the Ecumenical Temple.
  7316 | D:6      | Noticed Menkaure
  7323 | D:6      | Killed Menkaure
  7330 | Temple   | Entered the Ecumenical Temple
  8109 | D:7      | Reached skill level 8 in Spellcasting
  8942 | D:8      | Noticed a two-headed ogre
  8953 | D:8      | Killed a two-headed ogre
  8954 | D:8      | Reached skill level 1 in Maces & Flails
  8954 | D:8      | Reached skill level 5 in Conjurations
  9093 | D:8      | Learned a level 5 spell: Lightning Bolt
  9165 | D:8      | Noticed a tengu warrior
  9166 | D:8      | Noticed a troll
  9174 | D:8      | Mangled by a tengu warrior

Illustrated notes

Levels and vault maps discovered:
D:1:      lightli_arrival_lavapool, layout_loops_ring, solitary_fountain
D:2:      layout_basic, basic_altar
D:3:      layout_loops_ring, kennysheep_cross_bottleneck,
          hangedman_decor_diamond_cutter, grunt_ministairs_11,
          minmay_shallow_snake_nest
D:4:      layout_basic, minmay_unequal, uniq_blork_the_orc, uniq_edmund,
          uniq_ijyb
D:5:      due_chaos_kobolds, layout_basic, uniq_pikel
D:6:      nicolae_cairo_tiling_large, layout_basic, minmay_temple_entry_grid,
          uniq_menkaure, uniq_duvessa
D:7:      layout_loops_cross
D:8:      minmay_cut_squares, layout_gridville,
          gammafunk_temple_overflow_elements, kennysheep_pointless_box,
          uniq_erica
Temple:   nicolae_temple_superstar

Skill      XL: |  1  2  3  4  5  6  7  8  9 |
---------------+----------------------------+-----
Fire Magic     | 3 4 5 6 7 |  7.5
Fighting       | 1 2 |  2.1
Spellcasting   | 3 4 5 7 8 |  8.4
Conjurations   | 2 3 4 5 |  5.2
Dodging        | 2 |  2.8
Armour         | 1 2 |  2.9
Maces & Flails | 1 |  1.6
Short Blades   | |  0.2
Stealth        | |  1.7

Action                   |  1- 3 |  4- 6 |  7- 9 || total
-------------------------+-------+-------+-------++-------
Melee: Unarmed           |     2 |       |       ||     2
       Dagger            |     4 |     4 |    11 ||    19
       Whip              |       |       |    32 ||    32
 Cast: Foxfire           |    62 |    55 |   142 ||   259
       Scorch            |     7 |    19 |    50 ||    76
       Flame Wave        |       |       |     5 ||     5
  Use: Scroll            |       |     8 |    10 ||    18
       Potion            |       |       |     3 ||     3
Armor: Robe              |     8 |    16 |       ||    24
       Leather armour    |       |       |    53 ||    53
Dodge: Dodged            |    12 |    31 |    62 ||   105

Table legend: (Time is in decaauts)
 A = Elapsed time spent in this place.
 B = Non-inter-level travel time spent in this place.
 C = Inter-level travel time spent in this place.
 D = Time resting spent in this place.
 E = Time spent auto-exploring this place.
 F = Levels seen in this place.
 G = Mean time per level.
                   A        B        C        D        E       F      G
               +--------+--------+--------+--------+--------+-----+--------+
         Total |   9174 |   8965 |    209 |    699 |   7036 |   9 | 1019.3 |
       Dungeon |   9011 |   8828 |    183 |    699 |   6912 |   8 | 1126.4 |
        Temple |    163 |    137 |     26 |      0 |    124 |   1 |  163.0 |
               +--------+--------+--------+--------+--------+-----+--------+

Top non-repeatable levels by time:
     D:3: 1537 daAuts
     D:4: 1475 daAuts
     D:5: 1363 daAuts
     D:6: 1344 daAuts
     D:7: 1092 daAuts
     D:1: 963 daAuts
     D:2: 824 daAuts
     D:8: 410 daAuts
  Temple: 163 daAuts
